 Dungeon Crawl Stone Soup version 0.29-a0-103-g37f86683bf (webtiles) character file.

Game seed: 8648214268803410304

1355 Murumi the Shield-Bearer (level 8, -2/64 HPs)
             Began as a Formicid Fighter on Feb 16, 2022.
             Was an Elder of Lugonu.
             Killed from afar by Maggie (10 damage)
             ... with a bolt of fire
             ... on level 5 of the Dungeon.
             The game lasted 00:21:30 (7069 turns).

Murumi the Shield-Bearer (Formicid Fighter)         Turns: 7069, Time: 00:21:31

Health: -2/64      AC: 13    Str: 21    XL:     8   Next: 95%
Magic:  10/10      EV:  6    Int: 10    God:    Lugonu [****..]
Gold:   123        SH: 10    Dex: 10    Spells: 7/7 levels left

rFire   . . .      SeeInvis +   a - +1 long sword
rCold   . . .      Faith    .   c - +0 buckler
rNeg    . . .      Spirit   .   j - +0 plate armour
rPois   .          Reflect  +   (helmet unavailable)
rElec   .          Harm     .   (no cloak)
rCorr   .          Rampage  .   (no gloves)
Will    .....                   q - +0 pair of boots
Stlth   ..........              l - amulet of reflection
HPRegen 0.20/turn               (no ring)
MPRegen 0.12/turn               (no ring)

@: no status effects
A: permanent stasis, dig shafts and tunnels, antennae 3, four strong arms
a: Dig, Shaft Self, Renounce Religion, Depart the Abyss, Bend Space, Banish,
Corrupt


You were on level 5 of the Dungeon.
You worshipped Lugonu.
Lugonu was greatly pleased with you.
You visited 1 branch of the dungeon, and saw 6 of its levels.

You collected 352 gold pieces.
You spent 229 gold pieces at shops.

Inventory:

Hand Weapons
 a - a +1 long sword (weapon)
 f - a +0 arbalest
Armour
 c - a +0 buckler (worn)
 j - a +0 plate armour (worn)
 q - a +0 pair of boots (worn)
Jewellery
 l - an amulet of reflection (around neck)
 r - a ring of fire
Wands
 i - a wand of iceblast (6)
 p - a wand of polymorph (5)
Scrolls
 n - a scroll of enchant weapon
 o - a scroll of magic mapping
 s - a scroll of fear
Potions
 b - a potion of resistance {unknown}
 d - a potion of might
 e - 4 potions of brilliance
 g - 4 potions of flight
 h - 2 potions of curing
 k - a potion of attraction {unknown}
 m - a potion of heal wounds {unknown}
 t - a potion of berserk rage {unknown}
 u - a potion of lignification {unknown}


   Skills:
 - Level 6.0 Fighting
 - Level 5.0 Long Blades
 + Level 5.9 Armour
 - Level 2.0 Dodging
 - Level 7.0 Shields
 - Level 3.0 Invocations
 - Level 2.0 Evocations


You had 7 spell levels left.
You didn't know any spells.
Your spell library was empty.

Dungeon Overview and Level Annotations

Branches:
Dungeon (6/15)
 Temple: D:4-7

Altars:
Hepliaklqana
Ru
Vehumet
Wu Jian
Lugonu

Shops:
D:2 *   D:3 ?

Annotations:
D:5 Maggie


Innate Abilities, Weirdness & Mutations

You cannot be hasted, slowed, berserked, paralysed or teleported.
You can dig through walls and to a lower floor.
You have a pair of large antennae on your head. (SInv)
Your four strong arms can wield two-handed weapons with a shield.


Message History

You hit Maggie.
Maggie is heavily wounded.
You block Maggie's attack.
You slash Maggie!
Maggie is severely wounded.
Maggie hits you with a +0 halberd.
You hit Maggie but do no damage.
Maggie is severely wounded.
You block Maggie's attack.
You barely miss Maggie.
Maggie is severely wounded.
You block Maggie's attack.
You closely miss Maggie.
Maggie is severely wounded.
You block Maggie's attack. Maggie hits you with a +0 halberd.
You hit Maggie.
Maggie is severely wounded.
Maggie hits you but does no damage.
You slash Maggie!
Maggie is severely wounded.
Maggie hits you with a +0 halberd!
You are too injured to fight recklessly!
You are too injured to fight recklessly!
You hit Maggie but do no damage.
Maggie is severely wounded.
You block Maggie's attack.
You hit Maggie but do no damage.
Maggie is severely wounded.
Maggie casts a spell at you. The bolt of fire hits you!
* * * LOW HITPOINT WARNING * * *
You hit Maggie.
Maggie is almost dead.
You break out of your daze.
Maggie hits you with a +0 halberd!
* * * LOW HITPOINT WARNING * * *
You feel better.
Maggie points at you and mumbles some strange words.
The bolt of fire hits you!
You die...

#.......# #.# #########
#.# #.# ###### #.# #
#....# #.# # #..P8##
###.######### #.....##
#............ #....@.#
#....######## #.####@#
#.....# # #.# #.# #....##
# #.####.####.#.##
####.#.........#.# ######
###.........######.#
#..... #...........# ##+##
#.#### #.....##.##.#
##...###.# ##
##..8.....##.# ##.....##.#
#.
#......##.##.###.......#.#
#.


You could see Maggie (strong).

Vanquished Creatures
  Sigmund (D:2)
  A hornet zombie (D:5)
  3 phantoms
  2 scorpions (D:4)
  3 water moccasin skeletons
  A howler monkey (D:5)
  3 bullfrog zombies (D:5)
  2 hounds
  A centaur zombie (D:5)
  2 orc priests (D:5)
  2 orc wizards (D:5)
  2 hound zombies (D:5)
  6 adders
  2 adder skeletons (D:4)
  4 worms
  3 dart slugs
  10 orcs
  6 bats
  7 endoplasms
  8 giant cockroaches
  4 hobgoblins
  5 jackals
  3 quokkas
  7 ball pythons
  3 frilled lizards
  8 goblins
  4 kobolds
  4 rats
107 creatures vanquished.

Vanquished Creatures (others)
  2 withered plants (D:5)
2 creatures vanquished.

Grand Total: 109 creatures vanquished

Notes
Turn   | Place    | Note
-------+----------+-------------------------------------------
     0 | D:1      | Murumi the Formicid Fighter began the quest for the Orb.
     0 | D:1      | Reached XP level 1. HP: 18/18 MP: 1/1
   205 | D:1      | Reached skill level 4 in Shields
   208 | D:1      | Reached XP level 2. HP: 11/24 MP: 2/2
   461 | D:1      | Found a faded altar of an unknown god.
   506 | D:1      | Prayed at the altar of an unknown god.
   506 | D:1      | Became a worshipper of Lugonu the Unformed
   506 | D:1      | Reached * piety under Lugonu
   506 | D:1      | Reached ** piety under Lugonu
   645 | D:1      | Reached XP level 3. HP: 30/30 MP: 3/3
   654 | D:1      | Reached skill level 1 in Invocations
  1142 | D:1      | Reached skill level 1 in Dodging
  1493 | D:2      | Found a radiant altar of Vehumet.
  1654 | D:2      | Noticed Sigmund
  1665 | D:2      | Killed Sigmund
  1666 | D:2      | Reached skill level 1 in Evocations
  1666 | D:2      | Reached XP level 4. HP: 19/37 MP: 5/5
  1666 | D:2      | Reached XP level 5. HP: 21/42 MP: 6/6
  1666 | D:2      | Reached XP level 6. HP: 25/48 MP: 7/7
  2020 | D:2      | Found Wyguf's Assorted Antiques.
  2028 | D:2      | Bought a fuming sapphire potion for 22 gold pieces
  2028 | D:2      | Bought a silvery potion for 22 gold pieces
  2028 | D:2      | Bought a scroll labelled LUMNOOFRUI for 25 gold pieces
  2043 | D:2      | Reached skill level 5 in Shields
  2095 | D:2      | Reached *** piety under Lugonu
  2776 | D:3      | Found Kacvilacau's Magic Scroll Shop.
  2794 | D:3      | Bought a scroll of magic mapping for 35 gold pieces
  4050 | D:4      | Reached XP level 7. HP: 14/55 MP: 8/8
  4286 | D:4      | Found a sacrificial altar of Ru.
  4400 | D:4      | Reached skill level 5 in Fighting
  4680 | D:4      | Reached skill level 5 in Armour
  4773 | D:4      | Reached skill level 6 in Shields
  5228 | D:2      | Bought a notched brass ring for 125 gold pieces
  5310 | D:5      | Entered Level 5 of the Dungeon
  5336 | D:5      | Reached XP level 8. HP: 49/62 MP: 8/10
  5602 | D:5      | Reached **** piety under Lugonu
  5612 | D:5      | Reached skill level 7 in Shields
  6442 | D:5      | Found an ornate altar of the Wu Jian Council.
  6605 | D:5      | Reached skill level 5 in Long Blades
  6897 | D:5      | Found a hazy altar of Hepliaklqana.
  7045 | D:6      | Noticed Maggie
  7068 | D:5      | HP: 2/64 [Maggie (16)]
  7069 | D:5      | Killed from afar by Maggie

Illustrated notes

Levels and vault maps discovered:
D:1:      psy_arrival_statuary, layout_basic, ebering_ecumenical_altar_rust,
          minmay_domino_2
D:2:      layout_loops_ring, basic_altar, serial_shops, shop, kennysheep_nub,
          uniq_sigmund
D:3:      layout_loops_ring, serial_shops, nicolae_diamond_shop,
          grunt_ministairs_11
D:4:      layout_loops_ring, nicolae_ru_the_path_less_chosen
D:5:      layout_loops_corners, mainiacjoe_overflow_brackets,
          lemuel_round_altar, serial_undead, serial_undead_f, serial_undead_d,
          serial_undead_b, serial_undead_e
D:6:      layout_loops_ring, amcnicky_altar_gilded, gammafunk_ghost_icy,
          minmay_fractal_squares_diagonal_5, uniq_maggie, uniq_menkaure,
          uniq_pikel

Skill      XL: |  1  2  3  4  5  6  7  8 |
---------------+-------------------------+-----
Shields        | 4 5 6 7 |  7.0
Fighting       | 4 5 6 |  6.0
Invocations    | 2 3 |  3.0
Dodging        | 1 2 |  2.0
Evocations     | 2 |  2.0
Long Blades    | 3 4 5 |  5.0
Armour         | 4 5 |  5.9

Action                   |  1- 3 |  4- 6 |  7- 9 || total
-------------------------+-------+-------+-------++-------
Melee: Long sword        |   105 |   165 |   262 ||   532
Invok: Banish            |       |       |     1 ||     1
 Abil: Dig               |       |     1 |     1 ||     2
  Use: Scroll            |     3 |     6 |       ||     9
       Potion            |       |     1 |     1 ||     2
Armor: Scale mail        |    41 |     6 |       ||    47
       Plate armour      |       |    74 |   114 ||   188
Dodge: Dodged            |    40 |    38 |    37 ||   115
Block: Buckler           |    22 |    68 |   121 ||   211
       Reflection        |       |     1 |       ||     1

Table legend: (Time is in decaauts)
 A = Elapsed time spent in this place.
 B = Non-inter-level travel time spent in this place.
 C = Inter-level travel time spent in this place.
 D = Time resting spent in this place.
 E = Time spent auto-exploring this place.
 F = Levels seen in this place.
 G = Mean time per level.
                   A        B        C        D        E       F      G
               +--------+--------+--------+--------+--------+-----+--------+
         Total |   7211 |   6590 |    621 |     80 |   5311 |   6 | 1201.8 |
       Dungeon |   7211 |   6590 |    621 |     80 |   5311 |   6 | 1201.8 |
               +--------+--------+--------+--------+--------+-----+--------+

Top non-repeatable levels by time:
     D:5: 1709 daAuts
     D:4: 1639 daAuts
     D:1: 1620 daAuts
     D:2: 1204 daAuts
     D:3: 1034 daAuts
     D:6: 3 daAuts
